AoeStats
← Isengard

Arena

509025364Analyzed
4v4 RM · 6d ago on Sep 25, 2026· 44m 47s· 8 players
Game mode
Random Map
Map size
Large (8 player)
Population
200
Speed
Normal
Resources
Standard
Victory
Conquest
Starting age
Dark Age
Ending age
Imperial Age
RankedLock teamsTeams togetherTeam positionsShared explorationLock speedFull tech treeHidden civsTurbo modeCheats
Victory
Defeat
🇺🇸 Georgians · United States
1418
+10
🇺🇸 Malians · United States
1414
+10
🇨🇦 Burgundians · Canada
1376
+12
🇦🇷 Persians · Argentina
1348
+13
🇨🇴 Khmer · Colombia
1382
-16
🇨🇴 Gurjaras · Colombia
1288
-11
🇲🇽 Saxons · Mexico
1228
-9
🇲🇽 Varangians · Mexico
1219
-9
GT_22
10:31 Feudal Age
14:15 Castle Age
12:19 Double-Bit Axe
13:03 Horse Collar
15:46 Bow Saw
23:06 Heavy Plow
23:15 Stone Mining
23:17 Gold Mining
23:34 Scale Barding Armor
26:20 Chain Barding Armor
26:10 Forging
26:44 Wheelbarrow
29:20 Imperial Age
27:57 Stone Shaft Mining
28:26 Gold Shaft Mining
29:12 Iron Casting
29:10 Hand Cart
29:43 Bloodlines
29:34 Husbandry
30:12 Conscription
31:50 Conscription
33:37 Two-Man Saw
32:04 Elite War Elephant
33:32 Plate Barding Armor
33:58 Blast Furnace
35:29 Chemistry
35:31 Fletching
36:49 Bodkin Arrow
37:02 Kamandaran
37:33 Ballistics
37:25 Masonry
38:29 Padded Archer Armor
40:06 Architecture
45:14 Murder Holes
45:09 Guard Tower
45:25 Siphons
45:31 Clinker Construction
45:37 Leather Archer Armor
45:23 Scale Mail Armor
steveo9976
3:17 Double-Bit Axe
10:56 Feudal Age
10:24 Loom
14:59 Castle Age
15:41 Bow Saw
20:41 Horse Collar
21:04 Cavalier
24:16 Two-Man Saw
24:53 Wheelbarrow
28:49 Imperial Age
28:17 Scale Barding Armor
28:13 Husbandry
29:02 Forging
29:21 Burgundian Vineyards
29:39 Chain Barding Armor
29:36 Heavy Plow
30:01 Conscription
30:41 Iron Casting
31:26 Plate Barding Armor
30:58 Paladin
33:08 Blast Furnace
32:39 Hand Cart
32:57 Crop Rotation
34:24 Town Watch
39:42 Chemistry
38:38 Fletching
38:50 Gold Mining
40:48 Scale Mail Armor
42:23 Gold Shaft Mining
41:17 Pikeman
42:18 Chain Mail Armor
41:44 Light Cavalry
42:16 Halberdier
43:29 Plate Mail Armor
43:16 Squires
42:47 Hussar
43:18 Treadmill Crane
43:56 Bodkin Arrow
Danilo Solari
10:48 Feudal Age
11:44 Loom
14:29 Castle Age
12:40 Horse Collar
13:06 Double-Bit Axe
13:59 Scale Mail Armor
13:51 Man-at-Arms
14:33 Loom
18:01 Squires
18:37 Long Swordsman
25:40 Gold Mining
26:08 Bow Saw
28:58 Stone Mining
31:29 Wheelbarrow
31:49 Sanctity
32:23 Stone Shaft Mining
32:25 Gold Shaft Mining
33:13 Hand Cart
36:19 Forging
38:45 Imperial Age
36:52 Chain Mail Armor
38:55 Iron Casting
38:08 Arson
39:03 Heavy Plow
40:51 Plate Mail Armor
39:42 Two-Handed Swordsman
40:44 Conscription
41:35 Champion
45:01 Crop Rotation
Isengard
10:57 Feudal Age
15:29 Castle Age
13:36 Double-Bit Axe
13:36 Horse Collar
17:31 Pikeman
20:58 Scale Mail Armor
22:34 Loom
24:32 Wheelbarrow
24:26 Bow Saw
26:06 Forging
30:27 Hand Cart
32:29 Gold Mining
32:31 Stone Mining
33:16 Town Watch
35:02 Squires
35:18 Chain Mail Armor
35:38 Iron Casting
37:55 Imperial Age
37:57 Onager
39:19 Halberdier
41:48 Chemistry
41:09 Ballistics
43:23 Siege Onager
44:13 Siege Engineers
ACI ShaN
9:49 Feudal Age
12:49 Castle Age
11:18 Double-Bit Axe
13:09 Horse Collar
17:57 Scale Barding Armor
21:36 Bloodlines
23:46 Bow Saw
24:17 Wheelbarrow
24:34 Bow Saw
25:26 Heavy Plow
25:20 Gold Mining
27:16 Gold Shaft Mining
27:19 Chain Barding Armor
27:11 Forging
27:02 Husbandry
31:54 Imperial Age
30:13 Hand Cart
30:53 Ballistics
31:34 Stone Mining
32:24 Heavy Scorpion
32:46 Light Cavalry
34:00 Crop Rotation
34:40 Chemistry
33:42 Hussar
37:24 Double Crossbow
ACI Malandrin
10:17 Feudal Age
9:31 Loom
14:01 Castle Age
12:51 Horse Collar
12:58 Double-Bit Axe
15:12 Bow Saw
19:30 Redemption
23:15 Gold Mining
23:15 Stone Mining
26:44 Heavy Plow
27:28 Wheelbarrow
27:30 Stone Shaft Mining
31:14 Imperial Age
29:27 Masonry
32:11 Bloodlines
32:02 Husbandry
32:15 Heavy Camel Rider
33:49 Scale Barding Armor
34:36 Forging
34:51 Chain Barding Armor
38:00 Forging
40:52 Plate Barding Armor
41:49 Iron Casting
40:36 Light Cavalry
41:27 Hussar
43:19 Fletching
44:02 Architecture
ACI Paradoja
11:44 Feudal Age
15:58 Castle Age
13:46 Horse Collar
13:54 Double-Bit Axe
16:19 Loom
17:07 Forging
17:02 Scale Barding Armor
18:16 Gold Mining
30:53 Iron Casting
39:40 Imperial Age
37:47 Wheelbarrow
37:01 Town Watch
38:24 Masonry
38:28 Fortified Wall
38:36 Masonry
43:16 Hand Cart
43:03 Town Patrol
ACI Granmini
8:58 Feudal Age
16:02 Castle Age
16:26 Double-Bit Axe
16:23 Horse Collar
22:10 Bow Saw
23:44 Wheelbarrow
24:19 Heavy Plow
24:12 Gold Mining
25:19 Hand Cart
31:07 Imperial Age
28:37 Loom
29:39 Gold Shaft Mining
28:54 Man-at-Arms
28:56 Pikeman
29:36 Squires
29:22 Arson
30:36 Stone Mining
31:17 Ballistics
31:13 Shield Wall
32:15 Conscription
31:19 Elite Varangian Guard
32:02 Town Watch
32:59 Forging
32:49 Scale Mail Armor
33:14 Masonry
33:12 Siege Engineers
32:34 Halberdier
34:16 Iron Casting
34:38 Chain Mail Armor
37:43 Plate Mail Armor
37:31 Fortified Wall
37:52 Architecture
37:04 Treadmill Crane
40:18 Murder Holes
41:24 Chemistry
41:32 Fletching
41:42 Padded Archer Armor
42:25 Bodkin Arrow
43:24 Hoardings
43:04 Elite Skirmisher
Connection lost

Rejoining the realm…

Still unreachable

The connection could not be restored.

Session expired

The server has moved on; the page needs a fresh start.